 Dungeon Crawl Stone Soup version 0.28.0-43-g3370ac3207 (webtiles) character file.

Game seed: 11244941757013963334

165 terff the Conjurer (level 5, 0/32 HPs)
             Began as an Octopode Conjurer on Mar 19, 2022.
             Slain by an orc priest
             ... wielding a +0 short sword
              (4 damage)
             ... on level 5 of the Dungeon.
             The game lasted 00:16:21 (3717 turns).

terff the Conjurer (Octopode Conjurer)              Turns: 3717, Time: 00:16:21

Health: 0/32       AC:  1    Str:  6    XL:     5   Next: 46%
Magic:  4/9        EV: 13    Int: 23    God:
Gold:   53         SH:  0    Dex: 10    Spells: 8/9 levels left

rFire   . . .      SeeInvis .   c - +0 dagger
rCold   . . .      Faith    .   (no shield)
rNeg    . . .      Spirit   .   (helmet restricted)
rPois   .          Reflect  .   (no amulet)
rElec   .          Harm     .   (no ring)
rCorr   .          Rampage  .   (no ring)
Will    .....                   (no ring)
Stlth   +++.......              (no ring)
HPRegen 0.10/turn               (no ring)
MPRegen 0.11/turn               (no ring)
                                (no ring)
                                (no ring)

@: flying
A: almost no armour, amphibious, 8 rings, camouflage 1, gelatinous body 1,
(nimble swimmer 1), tentacles
a: no special abilities


You were on level 5 of the Dungeon.
You visited 1 branch of the dungeon, and saw 4 of its levels.

You collected 53 gold pieces.

Inventory:

Hand Weapons
 c - a +0 dagger (weapon)
 e - a +0 quarterstaff
Missiles
 a - 68 arrows
Potions
 f - a potion of brilliance {unknown}
 g - a potion of attraction


   Skills:
 + Level 0.6 Fighting
 + Level 2.8 Dodging
 + Level 4.2 Stealth
 + Level 1.3 Unarmed Combat
 + Level 2.7 Spellcasting
 + Level 4.8 Conjurations


You had 8 spell levels left.
You knew the following spells:

 Your Spells              Type           Power      Damage    Failure   Level
a - Magic Dart            Conj           100%       1d8       1%          1

Your spell library contained the following spells:

 Spells                   Type           Power      Damage    Failure   Level
 Searing Ray              Conj           50%        2d6       2%          2
 Dazzling Flash           Conj/Hex       28%        N/A       13%         3
 Fulminant Prism          Conj/Hex       7%         3d7       41%         4
 Iskenderun's Mystic Bla  Conj/Tloc      14%        2d5       41%         4


Dungeon Overview and Level Annotations

Branches:
Dungeon (3/15)

Altars:
Dithmenos


Innate Abilities, Weirdness & Mutations

You cannot wear most types of armour.
You are amphibious.
You can wear up to eight rings at the same time.
Your skin changes colour to match your surroundings (Stealth+).
Your rubbery body absorbs attacks. (AC +1, EV +1)
((You are camouflaged when in or above water. (Stealth+)))
You have tentacles for arms and can constrict up to eight enemies at once.


Message History

You constrict the orc, but do no damage.
The orc escapes!
The orc hits you with a +0 dagger.
The orc priest calls upon Beogh to heal the orc.
The orc's wounds heal themselves!
The orc priest begins to cast a cantrip, but forgets the words!
The orc priest looks satisfied for a moment.
You hit the orc but do no damage. You grab the orc. You squeeze the orc.
The orc is lightly wounded.
You constrict the orc, but do no damage.
The orc priest looks encouraged for a moment.
The orc priest casts a cantrip, but nothing happens.
The orc escapes!
The orc misses you.
You barely miss the orc priest. You grab the orc priest.
You squeeze the orc priest.
The orc priest is heavily wounded.
You constrict the orc priest, but do no damage.
The orc priest struggles to escape constriction.
The orc barely misses you. x2
You completely miss the orc priest.
The orc priest is heavily wounded.
You constrict the orc priest.
The orc priest struggles to escape constriction.
The orc completely misses you.
You hit the orc priest but do no damage.
The orc priest is severely wounded.
You constrict the orc priest, but do no damage.
The orc priest mumbles some strange prayers to Beogh against you.
Beogh smites you!
* * * LOW HITPOINT WARNING * * *
The orc hits you with a +0 dagger.
* * * LOW HITPOINT WARNING * * *
The orc priest hits you with a +0 dagger.
* * * LOW HITPOINT WARNING * * *
The orc misses you.
You feel very buoyant.
You fly up into the air.
You constrict the orc priest.
The orc priest hits you with a +0 short sword.
You die...

#...'.....'..#......#
#...#.....#..'......#
#####..#.....#..#......+
##..##..#.....#..#......#
#...))).#.....#..#......#
#....)..#.....####......#
###'#########...........#
#....#..##..#..o.o......#
#...o+.....)'..o@.###+###
#....#......#...o.+
#....#......#.....#
#....#......#.....#
#....#.######.....###
##+###.###..#.......#
#.......#...#..(....#
#......>#...'.......+
#......##...#.......#


You could see 2 orc priests and 2 orcs.

Vanquished Creatures
  An iguana (D:3)
  2 hound skeletons (D:5)
  3 adders (D:3)
  A gnoll (D:5)
  A white imp (D:5)
  A worm (D:5)
  3 dart slugs
  5 orcs (D:5)
  3 endoplasms (D:1)
  A giant cockroach (D:2)
  3 goblins
  4 hobgoblins
  4 jackals (D:1)
  4 kobolds
  2 quokkas
  3 ball pythons
  6 bats
  6 frilled lizards
  3 rats
56 creatures vanquished.

Notes
Turn   | Place    | Note
-------+----------+-------------------------------------------
     0 | D:1      | terff the Octopode Conjurer began the quest for the Orb.
     0 | D:1      | Reached XP level 1. HP: 11/11 MP: 3/3
   108 | D:1      | Reached XP level 2. HP: 17/17 MP: 3/5
   621 | D:1      | Found a faded altar of an unknown god.
  1007 | D:1      | Reached XP level 3. HP: 21/21 MP: 3/6
  2445 | D:3      | Reached skill level 1 in Unarmed Combat
  2445 | D:3      | Reached XP level 4. HP: 10/27 MP: 3/7
  2933 | D:3      | You fall into a shaft and drop 2 floors!
  2933 | D:5      | Entered Level 5 of the Dungeon
  2933 | D:5      | Found a shadowy altar of Dithmenos.
  2939 | D:5      | Reached XP level 5. HP: 30/32 MP: 2/8
  3218 | D:5      | Noticed a +0 dagger
  3218 | D:5      | Noticed a +0 spear
  3219 | D:5      | Noticed a +0 short sword
  3220 | D:5      | Noticed a +0 spear
  3220 | D:5      | Noticed a +0 dagger
  3220 | D:5      | Noticed a +0 falchion
  3221 | D:5      | Noticed a +0 short sword
  3222 | D:5      | Noticed a +0 falchion
  3717 | D:5      | Slain by an orc priest

Illustrated notes

Levels and vault maps discovered:
D:1:      heliophobic_arrival_glass_houses, layout_loops_ring,
          hellmonk_ecumenical_altar_slurped_away,
          chequers_serial_rivers_small_b, minmay_liquid_box,
          grunt_decor_mini_mirrors, minmay_ruptured
D:2:      layout_basic
D:3:      layout_rooms, cheibrodos_worm_habitat, amcnicky_mini_corridor_feature,
          ebering_dispersal_statue_hall, minivault_26
D:5:      layout_gridville, nicolae_dithmenos_through_a_glass_darkly,
          nicolae_uskayaw_en_pointe

Skill      XL: |  1  2  3  4 |
---------------+-------------+-----
Stealth        | 3 4 |  4.2
Unarmed Combat | 1 |  1.3
Fighting       | |  0.6
Dodging        | |  2.8
Spellcasting   | |  2.7
Conjurations   | |  4.8

Action                   |  1- 3 |  4- 6 || total
-------------------------+-------+-------++-------
Melee: Unarmed           |    26 |       ||    26
       Constrict         |     9 |     9 ||    18
       Tentacles         |    11 |     6 ||    17
       Punch             |     2 |       ||     2
       Dagger            |    20 |    20 ||    40
 Cast: Magic Dart        |    54 |    59 ||   113
  Use: Scroll            |     2 |     4 ||     6
       Potion            |       |     2 ||     2
 Stab: Sleeping          |     2 |       ||     2
Armor: Skin              |    11 |     1 ||    12
Dodge: Dodged            |    43 |    40 ||    83
